 Dungeon Crawl Stone Soup version 0.28.0-45-g0d030f2227 (webtiles) character file.

Game seed: 6763537212107180559

58 pkoi the Insei (level 3, -2/29 HPs)
             Began as a Demigod Gladiator on Apr 22, 2022.
             Slain by a gnoll
             ... wielding a +0 halberd
              (8 damage)
             ... on level 2 of the Dungeon.
             The game lasted 00:01:38 (1935 turns).

pkoi the Insei (Demigod Gladiator)                  Turns: 1935, Time: 00:01:38

Health: -2/29      AC: 11    Str: 15    XL:     3   Next: 51%
Magic:  5/5        EV:  4    Int: 14    God:
Gold:   74         SH:  0    Dex: 15    Spells: 2/2 levels left

rFire   . . .      SeeInvis .     - Unarmed
rCold   . . .      Faith    .   (no shield)
rNeg    . . .      Spirit   .   e - +0 plate armour
rPois   .          Reflect  .   b - +0 helmet
rElec   .          Harm     .   (no cloak)
rCorr   .          Rampage  .   (no gloves)
Will    .....                   (no boots)
Stlth   ..........              (no amulet)
HPRegen 0.09/turn               (no ring)
MPRegen 0.09/turn               (no ring)

@: no status effects
A: high MP 1, forlorn, divine attributes
a: no special abilities


You were on level 2 of the Dungeon.
You visited 1 branch of the dungeon, and saw 2 of its levels.

You collected 74 gold pieces.

Inventory:

Hand Weapons
 d - a +0 dagger
Missiles
 c - 3 throwing nets (quivered)
Armour
 a - a +0 leather armour
 b - a +0 helmet (worn)
 e - a +0 plate armour (worn)
Magical Staves
 g - a staff of poison
Scrolls
 f - a scroll of immolation {unknown}
 h - a scroll of vulnerability {unknown}
 i - a scroll of teleportation {unknown}
Potions
 j - a potion of attraction {unknown}


   Skills:
 - Level 1.7 Fighting
 - Level 1.7 Throwing
 + Level 1.3 Armour
 - Level 2.6 Dodging
 * Level 4.0 Unarmed Combat


You had 2 spell levels left.
You didn't know any spells.
Your spell library was empty.

Dungeon Overview and Level Annotations

Branches:
Dungeon (2/15)

Shops:
D:1 *


Innate Abilities, Weirdness & Mutations

You have an increased reservoir of magic. (+10% MP)
You shall have no god before yourself.
Your divine heritage dramatically boosts your attributes as you level up.


Message History

Unknown command.
You hit the gnoll but do no damage. The gnoll hits you with a +0 halberd.
You closely miss the gnoll. Your punch misses the gnoll.
The gnoll hits you with a +0 halberd.
* * * LOW HITPOINT WARNING * * *
You hit the gnoll but do no damage. The gnoll hits you with a +0 halberd.
* * * LOW HITPOINT WARNING * * *
You hit the gnoll.
The gnoll is lightly wounded.
The gnoll completely misses you.
You barely miss the gnoll.
The gnoll is lightly wounded.
The gnoll hits you but does no damage.
You hit the gnoll.
The gnoll is moderately wounded.
The gnoll hits you with a +0 halberd.
* * * LOW HITPOINT WARNING * * *
You hit the gnoll.
The gnoll is heavily wounded.
The gnoll barely misses you.
You hit the gnoll.
The gnoll is severely wounded.
The gnoll hits you but does no damage.
You hit the gnoll but do no damage.
The gnoll is severely wounded.
The gnoll barely misses you.
You barely miss the gnoll.
The gnoll is severely wounded.
The gnoll hits you but does no damage.
You hit the gnoll.
The gnoll is severely wounded.
The gnoll hits you but does no damage.
You hit the gnoll.
The gnoll is almost dead.
The gnoll hits you with a +0 halberd!
* * * LOW HITPOINT WARNING * * *
You hit the gnoll but do no damage.
The gnoll is almost dead.
The gnoll hits you with a +0 halberd!
You die...

##....#######.
#####......###...#
#........#..#..#..
#.###.#.###...###.
##.....#..#..#..
##<........##...#
#..............##
###.#..............
#.@.#.....#..#..#..
#.g###....###...###†
#...#
#.....#..#..#.. #..#
............... #..
....#.##...... #..
.......... #.
........ #. ##.....#
#.....


You could see a gnoll.

Vanquished Creatures
  An adder (D:2)
  2 worms (D:2)
  3 ball pythons (D:1)
  3 endoplasms
  4 giant cockroaches
  5 hobgoblins
  4 jackals (D:2)
  4 kobolds
  A bat (D:1)
  2 frilled lizards (D:1)
  4 goblins
  5 rats
38 creatures vanquished.

Notes
Turn   | Place    | Note
-------+----------+-------------------------------------------
     0 | D:1      | pkoi the Demigod Gladiator began the quest for the Orb.
     0 | D:1      | Reached XP level 1. HP: 17/17 MP: 3/3
    83 | D:1      | Reached skill level 3 in Unarmed Combat
   460 | D:1      | Reached XP level 2. HP: 22/24 MP: 4/4
   810 | D:1      | Found Qoigemau's General Store.
  1245 | D:2      | Reached skill level 1 in Armour
  1245 | D:2      | Reached XP level 3. HP: 28/29 MP: 5/5
  1752 | D:2      | Reached skill level 4 in Unarmed Combat
  1935 | D:2      | Slain by a gnoll

Illustrated notes

Levels and vault maps discovered:
D:1:      dpeg_arrival_round_b, layout_basic, serial_shops,
          nicolae_shop_hallway_plus, minmay_splitting_lines,
          hangedman_decor_growths
D:2:      layout_rooms, basic_altar, hellmonk_ecumenical_altar_dog_temple,
          minmay_strange_pillars

Skill      XL: |  1  2  3 |
---------------+----------+-----
Unarmed Combat | 3 4 |  4.0
Armour         | 1 |  1.3
Fighting       | |  1.7
Throwing       | |  1.7
Dodging        | |  2.6

Action                   || total
-------------------------++-------
Melee: Unarmed           ||   176
       Dagger            ||    16
       Punch             ||     5
Armor: Plate armour      ||   104
       Leather armour    ||     9
Dodge: Dodged            ||    54
